Map: Dusk Towers

Players

MythiC - Winner!

  • Race: Terran Terran
  • League: Grandmaster

Prebs

  • Race: Protoss Protoss
  • League: Grandmaster

VOD

Have the link to the VOD?

Description

Time

  • Played on: Jan. 17, 2016, 7:57 a.m.
  • Length: 10:53
Show
View Real Time Build Order
Export as new Build Order

MythiC Terran - Winner!

Build Orders: Liberator Opening 

Get SALT Encoding   

  12  0:00  SCV  
  13  0:13  SCV  
  14  0:18  Supply Depot  
  14  0:25  SCV  
  15  0:39  SCV  
  15  0:41  Barracks  
  16  0:43  Refinery  
  16  0:52  SCV  
  18  1:04  SCV  
  18  1:18  SCV  
  19  1:30  Orbital Command  
  19  1:33  Barracks Reactor  
  19  1:43  Command Center  
  19  1:55  Supply Depot, SCV  
  20  2:08  SCV  
  21  2:09  Marine x2  
  21  2:14  Factory  
  23  2:19  Refinery  
  23  2:22  SCV  
  24  2:27  Marine x2  
  26  2:35  SCV  
  27  2:47  SCV, Marine x2  
  30  2:58  Widow Mine  
  30  2:59  SCV  
  30  3:00  Starport  
  30  3:05  Marine x2  
  35  3:08  Orbital Command  
  35  3:11  SCV  
  36  3:23  SCV, Marine x2  
  39  3:27  Widow Mine  
  39  3:34  SCV  
  42  3:35  SCV  
  32  3:41  Medivac  
  43  3:46  Supply Depot, SCV  
  46  3:49  Supply Depot  
  46  3:57  Factory Tech Lab  
  46  3:58  Liberator  
  46  4:00  Supply Depot  
  46  4:07  SCV x2, Marine x2  
  50  4:16  Cyclone  
  56  4:19  SCV x2  
  58  4:30  Command Center  
  58  4:33  SCV  
  58  4:34  SCV  
  58  4:37  Marine x2  
  62  4:45  SCV  
  63  4:46  SCV  
  63  4:49  Supply Depot  
  63  4:52  Siege Tank  
  67  4:54  Liberator  
  67  4:57  SCV  
  67  4:58  SCV  
  69  5:09  SCV  
  69  5:10  SCV, Marine x2  
  69  5:11  Refinery  
  69  5:12  Refinery  
  76  5:19  Barracks  
  76  5:20  Supply Depot  
  76  5:21  Barracks  
  76  5:23  SCV  
  77  5:35  Marine  
  78  5:39  Marine  
  78  5:40  SCV  
  78  5:42  Siege Tank  
  79  5:45  Orbital Command  
  79  5:49  Supply Depot  
  79  5:56  Barracks x2  
  79  5:59  SCV  
  79  6:02  Marine x2  
  79  6:06  Barracks Tech Lab  
  79  6:07  Barracks Tech Lab  
  79  6:09  Starport Reactor  
  79  6:12  Orbital Command  
  79  6:13  Engineering Bay x2  
  79  6:14  SCV  
  79  6:15  SCV  
  81  6:22  Marine x2  
  83  6:32  Marauder x2  
  87  6:36  SCV x2  
  87  6:38  SCV  
  90  6:42  Marine x2  
  90  6:43  Siege Tank, Barracks Reactor  
  90  6:44  Barracks Reactor  
  90  6:46  Medivac x2  
  99  6:48  SCV x2  
  101  6:56  Missile Turret  
  101  6:57  Missile Turret  
  101  6:59  Missile Turret  
  101  7:00  Missile Turret  
  101  7:01  Marine x4  
  101  7:02  Missile Turret  
  101  7:03  SCV x2  
  101  7:04  SCV  
  108  7:13  Missile Turret  
  108  7:14  Stimpack  
  108  7:15  SCV  
  109  7:19  Refinery  
  109  7:24  Terran Infantry Armor Level 1  
  109  7:26  Terran Infantry Weapons Level 1  
  109  7:34  Supply Depot  
  109  7:38  Liberator  
  109  7:41  Supply Depot  
  109  7:46  Marine x4  
  109  7:47  SCV, Marine x3  
  109  7:55  Siege Tank, Medivac  
  109  7:57  Marine  
  109  7:58  SCV x2  
  120  7:59  SCV  
  120  8:03  Supply Depot x2  
  120  8:04  Marine  
  122  8:06  Marine x3  
  122  8:07  Combat Shields, Armory  
  122  8:08  Marine x3  
  122  8:10  SCV x2  
  130  8:14  SCV  
  130  8:17  Liberator  
  130  8:18  Barracks  
  131  8:20  Barracks  
  131  8:21  Supply Depot, Barracks  
  131  8:22  SCV x2  
  131  8:24  Marine x3  
  131  8:25  Liberator  
  136  8:30  Marine x2  
  136  8:31  Supply Depot  
  138  8:35  Marine x3  
  138  8:37  Siege Tank  
  147  8:45  Marine x3  
  153  8:48  Marine  
  153  8:55  Supply Depot x2, Terran Vehicle Weapons Level 1  
  154  9:01  Marine  
  154  9:02  Marine  
  147  9:09  Siege Tank  
  149  9:10  Marine, Barracks Tech Lab x3  
  149  9:11  Marine x2  
  149  9:16  Marauder x2  
  155  9:19  Marine x3  
  158  9:28  Marine x2  
  158  9:29  Marauder, Marine x3  
  165  9:31  Medivac x2  
  165  9:37  Marauder, Marine x4  
  175  9:46  Marine x2  
  175  9:47  Marauder x2  
  181  10:19  Marine x4  
  181  10:20  Marine x3  
  181  10:21  Marauder, Marine  
Show
View Real Time Build Order
Export as new Build Order

Prebs Protoss 

Build Orders: 1 Gate Expand 

Get SALT Encoding   

  12  0:01  Probe (Chrono Boost)  
  13  0:11  Probe (Chrono Boost)  
  14  0:17  Pylon  
  14  0:22  Probe (Chrono Boost)  
  15  0:35  Probe (Chrono Boost)  
  16  0:36  Gateway  
  16  0:46  Probe (Chrono Boost)  
  17  1:08  Nexus  
  17  1:12  Probe (Chrono Boost)  
  17  1:17  Assimilator  
  18  1:23  Probe (Chrono Boost)  
  19  1:30  Cybernetics Core  
  19  1:33  Probe (Chrono Boost)  
  19  1:37  Assimilator  
  20  1:44  Probe (Chrono Boost)  
  21  1:47  Pylon  
  21  1:54  Probe (Chrono Boost)  
  22  2:10  Mothership Core (Chrono Boost)  
  24  2:21  Warp Gate  
  24  2:26  Probe (Chrono Boost)  
  24  2:29  Probe (Chrono Boost), Stalker  
  28  2:36  Probe (Chrono Boost)  
  29  2:39  Probe (Chrono Boost)  
  30  2:46  Pylon  
  30  2:47  Probe (Chrono Boost)  
  30  2:50  Probe (Chrono Boost)  
  32  2:51  Robotics Facility  
  32  2:57  Probe (Chrono Boost)  
  33  3:00  Probe (Chrono Boost)  
  34  3:08  Probe (Chrono Boost)  
  34  3:11  Probe (Chrono Boost)  
  36  3:18  Probe (Chrono Boost)  
  36  3:19  Gateway  
  37  3:20  Gateway  
  37  3:21  Probe (Chrono Boost)  
  37  3:26  Assimilator  
  38  3:28  Assimilator  
  38  3:29  Probe (Chrono Boost)  
  38  3:32  Probe (Chrono Boost)  
  40  3:39  Observer, Probe (Chrono Boost)  
  42  3:42  Probe (Chrono Boost)  
  43  3:49  Pylon  
  43  3:50  Probe (Chrono Boost)  
  43  3:53  Probe (Chrono Boost)  
  45  3:59  Probe (Chrono Boost)  
  45  4:02  Immortal (Chrono Boost)  
  50  4:04  Probe  
  50  4:09  Probe  
  51  4:12  Robotics Bay  
  52  4:20  Forge  
  52  4:23  Stalker x2  
  56  4:24  Stalker  
  58  4:31  Pylon  
  58  4:45  Protoss Ground Armor Level 1 (Chrono Boost)  
  58  4:51  Stalker x3  
  67  5:11  Observer (Chrono Boost)  
  67  5:13  Probe (Chrono Boost)  
  67  5:14  Probe (Chrono Boost)  
  58  5:18  Photon Cannon x2  
  58  5:24  Probe  
  58  5:25  Probe  
  60  5:31  Disruptor (Chrono Boost)  
  60  5:34  Gateway  
  63  5:36  Gateway, Probe  
  63  5:38  Pylon  
  54  5:45  Probe  
  54  5:48  Probe  
  51  5:57  Probe (Chrono Boost)  
  51  5:58  Disruptor (Chrono Boost)  
  47  6:07  Probe (Chrono Boost)  
  47  6:09  Probe (Chrono Boost)  
  50  6:19  Probe (Chrono Boost)  
  50  6:29  Probe (Chrono Boost)  
  50  6:31  Probe (Chrono Boost)  
  52  6:33  Warp Prism  
  52  6:39  Probe (Chrono Boost)  
  55  6:43  Probe (Chrono Boost), Stalker  
  58  6:50  Probe (Chrono Boost)  
  60  6:55  Probe (Chrono Boost)  
  60  7:00  Probe (Chrono Boost)  
  61  7:08  Probe (Chrono Boost)  
  62  7:11  Nexus, Probe (Chrono Boost)  
  63  7:19  Pylon  
  63  7:20  Probe (Chrono Boost)  
  63  7:22  Probe (Chrono Boost)  
  65  7:23  Pylon  
  65  7:28  Twilight Council  
  65  7:30  Protoss Ground Weapons Level 1  
  65  7:32  Probe x2 (Chrono Boost)  
  66  7:43  Probe (Chrono Boost)  
  68  7:44  Probe (Chrono Boost)  
  68  7:53  Probe (Chrono Boost)  
  68  7:55  Zealot x4  
  68  7:56  Probe (Chrono Boost)  
  78  8:00  Pylon  
  78  8:04  Probe (Chrono Boost), Assimilator  
  79  8:09  Assimilator  
  79  8:11  Photon Cannon  
  80  8:13  Probe (Chrono Boost)  
  80  8:14  Probe (Chrono Boost)  
  81  8:24  Templar Archives  
  81  8:25  Probe x2 (Chrono Boost)  
  83  8:27  Zealot  
  83  8:30  Probe (Chrono Boost)  
  86  8:35  Probe (Chrono Boost)  
  86  8:37  Probe (Chrono Boost)  
  86  8:40  Probe (Chrono Boost)  
  89  8:42  Zealot x3  
  89  8:46  Probe (Chrono Boost)  
  96  8:53  Psionic Storm  
  96  9:01  Zealot  
  96  9:02  Zealot  
  100  9:03  Charge (Chrono Boost)  
  100  9:14  Gateway  
  100  9:16  Gateway x2  
  100  9:17  Gateway  
  100  9:24  High Templar x2  
  100  9:25  High Templar x3  
  110  9:32  Probe  
  110  9:33  Probe  
  112  9:49  Pylon  
  112  9:51  Pylon  
  111  9:55  Pylon  
  106  10:00  High Templar  
  106  10:01  High Templar  
  106  10:05  High Templar x3  
  78  10:24  Probe  
  78  10:27  Probe  
  71  10:29  Probe  
  69  10:36  Zealot x3  
  69  10:37  Zealot x4  
  69  10:38  Zealot  
Tags
 
Add a new tag
Caveats
  • Supply blocks, unpowered buildings, or Contaminate may cause inaccurate times.
  • Supply counts are checked every 10 seconds.